Workbook

Sheet 様式8-1
B2: 事業費
AB3: （単位：千円）
B4: 年度 費目 | D4: 令和 ２年度 | E4: 令和 ３年度 | F4: 令和 ４年度 | G4: 令和 ５年度 | H4: 令和 ６年度 | I4: 令和 ７年度 | J4: 令和 ８年度 | K4: 令和 ９年度 | L4: 令和 10年度 | M4: 令和 11年度 | N4: 令和 12年度 | O4: 令和 13年度 | P4: 令和 14年度 | Q4: 令和 15年度 | R4: 令和 16年度 | S4: 令和 17年度 | T4: 令和 18年度 | U4: 令和 19年度 | V4: 令和 20年度 | W4: 令和 21年度 | X4: 令和 22年度 | Y4: 令和 23年度 | Z4: 令和 24年度 | AA4: 令和 25年度 | AB4: 合計
D5: (2020年度) | E5: (2021年度) | F5: (2022年度) | G5: (2023年度) | H5: (2024年度) | I5: (2025年度) | J5: (2026年度) | K5: (2027年度) | L5: (2028年度) | M5: (2029年度) | N5: (2030年度) | O5: (2031年度) | P5: (2032年度) | Q5: (2033年度) | R5: (2034年度) | S5: (2035年度) | T5: (2036年度) | U5: (2037年度) | V5: (2038年度) | W5: (2039年度) | X5: (2040年度) | Y5: (2041年度) | Z5: (2042年度) | AA5: (2043年度)
B6: 建設工事費 | C6: ①建設工事費
B7: 運営業務委託費 | C7: ②運営固定費
C8: ③運営変動費
C9: ④運営業務委託費 （②＋③）
Y10: 事業費（①＋④）
Y12: 変動費単価（円／ｔ）

Sheet 様式8-2
A1: 建設工事費
A3: 区 分 | C3: 全体計画 | H3: 令和２年度（2020年度） | M3: 令和３年度（2021年度） | R3: 令和４年度（2022年度） | W3: 令和５年度（2023年度）
C5: 内外合計 | D5: 交付金対象内 | G5: 交付金対象外 | H5: 内外合計 | I5: 交付金対象内 | L5: 交付金対象外 | M5: 内外合計 | N5: 交付金対象内 | Q5: 交付金対象外 | R5: 内外合計 | S5: 交付金対象内 | V5: 交付金対象外 | W5: 内外合計 | X5: 交付金対象内 | AA5: 交付金対象外
E6: 交付率1/2 | F6: 交付率1/3 | J6: 交付率1/2 | K6: 交付率1/3 | O6: 交付率1/2 | P6: 交付率1/3 | T6: 交付率1/2 | U6: 交付率1/3 | Y6: 交付率1/2 | Z6: 交付率1/3
A7: １．機械設備工事
B8: (1) 受入供給設備
B9: (2) 不燃ごみ及び粗大ごみ 破砕・選別・貯留・搬出設備
B10: (3) 燃焼設備
B11: (4) 燃焼ガス冷却設備
B12: (5) 排ガス処理設備
B13: (6) 余熱利用設備
B14: (7) 通風設備
B15: (8) 灰出し設備
B16: (9) 給水設備
B17: (10) 排水処理設備
B18: (11) 電気設備
B19: (12) 計装設備
... B21: (1．機械設備工事 計）
A22: 2．土木建築工事
B23: (1) 建築工事
B24: (2) 土木工事及び外構工事
B25: (3) 建築機械設備工事
B26: (4) 建築電気設備工事
B27: (5) 仮設管理棟整備及び解体・撤去工事
B28: (2．土木建築工事 計）
A29: ３．共通仮設費
A30: ４．現場管理費
A31: ５．一般管理費
A32: 工事費計（１＋２＋３＋４＋５）
C33: ※1 交付金対象内外は、循環型社会形成推進交付金交付要綱・交付取扱要領に従うものとする。 ※2 一円未満は切り捨てること。ただし、表示は千円単位とする。（したがって、小数点第三位まで入力し、表示は小数点第一位を四捨五入すること。） ※3 物価変動を除いた金額を記入すること。 | R33: ※1 交付金対象内外は、循環型社会形成推進交付金交付要綱・交付取扱要領に従うものとする。 ※2 一円未満は切り捨てること。ただし、表示は千円単位とする。（したがって、小数点第三位まで入力し、表示は小数点第一位を四捨五入すること。） ※3 物価変動を除いた金額を記入すること。

Sheet 様式8-3
A1: 運営業務委託費【平準化後】
X2: （単位：千円（税抜）
A3: 項 目 | D3: ='様式8-1'!H4 -> 令和 ６年度 | E3: ='様式8-1'!I4 -> 令和 ７年度 | F3: ='様式8-1'!J4 -> 令和 ８年度 | G3: ='様式8-1'!K4 -> 令和 ９年度 | H3: ='様式8-1'!L4 -> 令和 10年度 | I3: ='様式8-1'!M4 -> 令和 11年度 | J3: ='様式8-1'!N4 -> 令和 12年度 | K3: ='様式8-1'!O4 -> 令和 13年度 | ... W3: ='様式8-1'!AA4 -> 令和 25年度 | X3: 運営期間 合計
D4: ='様式8-1'!H5 -> (2024年度) | E4: ='様式8-1'!I5 -> (2025年度) | F4: ='様式8-1'!J5 -> (2026年度) | G4: ='様式8-1'!K5 -> (2027年度) | H4: ='様式8-1'!L5 -> (2028年度) | I4: ='様式8-1'!M5 -> (2029年度) | J4: ='様式8-1'!N5 -> (2030年度) | K4: ='様式8-1'!O5 -> (2031年度) | ... W4: ='様式8-1'!AA5 -> (2043年度)
A5: 運営固定費 | B5: 運転経費
B6: 維持管理費
B7: 人件費
B8: その他経費
B9: 運営固定費計
A10: 運営変動費 | B10: 処置対象物変動費
B11: （変動費単価）
B12: （年間処理対象物量(t)） | D12: 49677 | E12: =D12 -> 49677 | F12: =E12 -> 49677 | G12: =F12 -> 49677 | H12: =G12 -> 49677 | I12: =H12 -> 49677 | J12: =I12 -> 49677 | K12: =J12 -> 49677 | L12: =K12 -> 49677 | ... W12: =V12 -> 49677 | X12: =SUM(D12:W12) -> 993540
B13: 有価物売却益計
B14: 運営変動費計
A15: 運営業務委託費計

Sheet 様式8-4
A1: 運営固定費（運転経費）【平準化前】
V2: （単位：円（消費税抜き））
A3: 項目 | C3: 量及び金額 | W3: 合計
C4: ='様式8-3'!D3 -> 令和 ６年度 | D4: ='様式8-3'!E3 -> 令和 ７年度 | E4: ='様式8-3'!F3 -> 令和 ８年度 | F4: ='様式8-3'!G3 -> 令和 ９年度 | G4: ='様式8-3'!H3 -> 令和 10年度 | H4: ='様式8-3'!I3 -> 令和 11年度 | I4: ='様式8-3'!J3 -> 令和 12年度 | J4: ='様式8-3'!K3 -> 令和 13年度 | ... V4: ='様式8-3'!W3 -> 令和 25年度
C5: ='様式8-3'!D4 -> (2024年度) | D5: ='様式8-3'!E4 -> (2025年度) | E5: ='様式8-3'!F4 -> (2026年度) | F5: ='様式8-3'!G4 -> (2027年度) | G5: ='様式8-3'!H4 -> (2028年度) | H5: ='様式8-3'!I4 -> (2029年度) | I5: ='様式8-3'!J4 -> (2030年度) | J5: ='様式8-3'!K4 -> (2031年度) | ... V5: ='様式8-3'!W4 -> (2043年度)
B6: （量）
B7: 金額
B8: （量）
B9: 金額
B10: （量）
B11: 金額
B12: （量）
B13: 金額
B14: （量）
B15: 金額
B16: （量）
B17: 金額
... B51: 金額
A52: 合計金額

Sheet 様式8-5
A1: 運営固定費（維持管理費）【平準化前】
V2: （単位：千円（消費税抜き）） | AI2: （単位：千円（消費税抜き））
A3: 項目 | C3: 頻度 | D3: 金額（事業期間内） | Y3: 項目 | AA3: 頻度 | AB3: 金額（事業期間外）
D4: ='様式8-4'!C4 -> 令和 ６年度 | E4: ='様式8-4'!D4 -> 令和 ７年度 | F4: ='様式8-4'!E4 -> 令和 ８年度 | G4: ='様式8-4'!F4 -> 令和 ９年度 | H4: ='様式8-4'!G4 -> 令和 10年度 | I4: ='様式8-4'!H4 -> 令和 11年度 | J4: ='様式8-4'!I4 -> 令和 12年度 | K4: ='様式8-4'!J4 -> 令和 13年度 | ... W4: ='様式8-4'!V4 -> 令和 25年度 | X4: 小計 | AB4: 令和 26年度 | AC4: 令和 27年度 | AD4: 令和 28年度 | AE4: 令和 29年度 | AF4: 令和 30年度 | AG4: 令和 31年度 | AH4: 令和 32年度 | AI4: 令和 33年度 | AJ4: 令和 34年度 | AK4: 令和 35年度
D5: ='様式8-4'!C5 -> (2024年度) | E5: ='様式8-4'!D5 -> (2025年度) | F5: ='様式8-4'!E5 -> (2026年度) | G5: ='様式8-4'!F5 -> (2027年度) | H5: ='様式8-4'!G5 -> (2028年度) | I5: ='様式8-4'!H5 -> (2029年度) | J5: ='様式8-4'!I5 -> (2030年度) | K5: ='様式8-4'!J5 -> (2031年度) | ... W5: ='様式8-4'!V5 -> (2043年度) | AB5: (2044年度) | AC5: (2045年度) | AD5: (2046年度) | AE5: (2047年度) | AF5: (2048年度) | AG5: (2049年度) | AH5: (2050年度) | AI5: (2051年度) | AJ5: (2052年度) | AK5: (2053年度)
A6: 保守管理費（法定点検・定期点検等） | Y6: 保守管理費（法定点検・定期点検等）
A26: 小 計 | Y26: 小 計
A27: 修繕工事費（補修・更新） | Y27: 修繕工事費（補修・更新）
A47: 小 計 | Y47: 小 計
A48: その他 | Y48: その他
A50: 小 計 | Y50: 小 計
A51: 合 計 | Y51: 合 計

Sheet 様式8-5(記載例)
A1: 運営固定費（維持管理費）【平準化前】
V2: （単位：千円（消費税抜き）） | AI2: （単位：千円（消費税抜き））
A3: 項目 | C3: 頻度 | D3: 金額 | X3: 合計 | Y3: 項目 | AA3: 頻度 | AB3: 金額（事業期間外）
D4: ='様式8-5'!D4 -> 令和 ６年度 | E4: ='様式8-5'!E4 -> 令和 ７年度 | F4: ='様式8-5'!F4 -> 令和 ８年度 | G4: ='様式8-5'!G4 -> 令和 ９年度 | H4: ='様式8-5'!H4 -> 令和 10年度 | I4: ='様式8-5'!I4 -> 令和 11年度 | J4: ='様式8-5'!J4 -> 令和 12年度 | K4: ='様式8-5'!K4 -> 令和 13年度 | ... W4: ='様式8-5'!W4 -> 令和 25年度 | AB4: 令和 26年度 | AC4: 令和 27年度 | AD4: 令和 28年度 | AE4: 令和 29年度 | AF4: 令和 30年度 | AG4: 令和 31年度 | AH4: 令和 32年度 | AI4: 令和 33年度 | AJ4: 令和 34年度 | AK4: 令和 35年度
D5: ='様式8-5'!D5 -> (2024年度) | E5: ='様式8-5'!E5 -> (2025年度) | F5: ='様式8-5'!F5 -> (2026年度) | G5: ='様式8-5'!G5 -> (2027年度) | H5: ='様式8-5'!H5 -> (2028年度) | I5: ='様式8-5'!I5 -> (2029年度) | J5: ='様式8-5'!J5 -> (2030年度) | K5: ='様式8-5'!K5 -> (2031年度) | ... W5: ='様式8-5'!W5 -> (2043年度) | AB5: (2044年度) | AC5: (2045年度) | AD5: (2046年度) | AE5: (2047年度) | AF5: (2048年度) | AG5: (2049年度) | AH5: (2050年度) | AI5: (2051年度) | AJ5: (2052年度) | AK5: (2053年度)
A6: 保守管理費（法定点検・定期点検等） | B6: 受入供給設備 | C6: － | D6: 2500 | E6: 2500 | F6: 2500 | G6: 7000 | H6: 2500 | I6: 2500 | J6: 2500 | K6: 7000 | L6: 2500 | M6: 2500 | N6: 2500 | O6: 7000 | P6: 2500 | Q6: 2500 | R6: 2500 | S6: 7000 | T6: 2500 | U6: 2500 | V6: 2500 | W6: 2500 | X6: =SUM(D6:W6) -> 68000 | Y6: 保守管理費（法定点検・定期点検等） | Z6: 受入供給設備 | AA6: － | AB6: 2500 | AC6: 2500 | AD6: 2500 | AE6: 7000 | AF6: 2500 | AG6: 2500 | AH6: 2500 | AI6: 7000 | AJ6: 2500 | AK6: 2500
B7: (受入供給設備） ごみ計量機 | C7: 法定2年 | D7: 0 | E7: 1000 | F7: 0 | G7: 1000 | H7: 0 | I7: 1000 | J7: 0 | K7: 1000 | L7: 0 | M7: 1000 | N7: 0 | O7: 1000 | P7: 0 | Q7: 1000 | R7: 0 | S7: 1000 | T7: 0 | U7: 1000 | V7: 0 | W7: 1000 | X7: =SUM(D7:W7) -> 10000 | Z7: (受入供給設備） ごみ計量機 | AA7: 法定2年 | AB7: 0 | AC7: 1000 | AD7: 0 | AE7: 1000 | AF7: 0 | AG7: 1000 | AH7: 0 | AI7: 1000 | AJ7: 0 | AK7: 1000
B8: (受入供給設備） ごみｸﾚｰﾝ | C8: 法定2年 | D8: 0 | E8: 2000 | F8: 0 | G8: 2000 | H8: 0 | I8: 2000 | J8: 0 | K8: 2000 | L8: 0 | M8: 2000 | N8: 0 | O8: 2000 | P8: 0 | Q8: 2000 | R8: 0 | S8: 2000 | T8: 0 | U8: 2000 | V8: 0 | W8: 2000 | X8: =SUM(D8:W8) -> 20000 | Z8: (受入供給設備） ごみｸﾚｰﾝ | AA8: 法定2年 | AB8: 0 | AC8: 2000 | AD8: 0 | AE8: 2000 | AF8: 0 | AG8: 2000 | AH8: 0 | AI8: 2000 | AJ8: 0 | AK8: 2000
B9: 燃焼設備 | C9: － | D9: 5000 | E9: 5000 | F9: 10000 | G9: 5000 | H9: 5000 | I9: 10000 | J9: 5000 | K9: 5000 | L9: 10000 | M9: 5000 | N9: 5000 | O9: 10000 | P9: 5000 | Q9: 5000 | R9: 10000 | S9: 5000 | T9: 5000 | U9: 100000 | V9: 5000 | W9: 10000 | X9: =SUM(D9:W9) -> 225000 | Z9: 燃焼設備 | AA9: － | AB9: 5000 | AC9: 5000 | AD9: 10000 | AE9: 5000 | AF9: 5000 | AG9: 10000 | AH9: 5000 | AI9: 5000 | AJ9: 10000 | AK9: 5000
B10: 燃焼ガス冷却設備 | C10: － | D10: 15000 | E10: 500 | F10: 15000 | G10: 500 | H10: 15000 | I10: 500 | J10: 15000 | K10: 500 | L10: 15000 | M10: 500 | N10: 15000 | O10: 500 | P10: 15000 | Q10: 500 | R10: 15000 | S10: 500 | T10: 15000 | U10: 500 | V10: 150000 | W10: 500 | X10: =SUM(D10:W10) -> 290000 | Z10: 燃焼ガス冷却設備 | AA10: － | AB10: 15000 | AC10: 500 | AD10: 15000 | AE10: 500 | AF10: 15000 | AG10: 500 | AH10: 15000 | AI10: 500 | AJ10: 15000 | AK10: 500
B11: (燃焼ガス冷却設備) ボイラ | C11: 法定2年 | D11: 0 | E11: 25000 | F11: 0 | G11: 25000 | H11: 0 | I11: 25000 | J11: 0 | K11: 25000 | L11: 0 | M11: 25000 | N11: 0 | O11: 25000 | P11: 0 | Q11: 25000 | R11: 0 | S11: 25000 | T11: 0 | U11: 25000 | V11: 0 | W11: 25000 | X11: =SUM(D11:W11) -> 250000 | Z11: (燃焼ガス冷却 設備)ボイラ | AA11: 法定2年 | AB11: 0 | AC11: 25000 | AD11: 0 | AE11: 25000 | AF11: 0 | AG11: 25000 | AH11: 0 | AI11: 25000 | AJ11: 0 | AK11: 25000
B12: 排ガス処理設備 | C12: － | D12: 8000 | E12: 8000 | F12: 12000 | G12: 8000 | H12: 8000 | I12: 12000 | J12: 8000 | K12: 8000 | L12: 12000 | M12: 8000 | N12: 8000 | O12: 12000 | P12: 8000 | Q12: 8000 | R12: 12000 | S12: 8000 | T12: 8000 | U12: 12000 | V12: 8000 | W12: 12000 | X12: =SUM(D12:W12) -> 188000 | Z12: 排ガス処理設備 | AA12: － | AB12: 8000 | AC12: 8000 | AD12: 12000 | AE12: 8000 | AF12: 8000 | AG12: 12000 | AH12: 8000 | AI12: 8000 | AJ12: 12000 | AK12: 8000
B13: ・ | X13: =SUM(D13:W13) -> 0 | Z13: ・
B14: ・ | X14: =SUM(D14:W14) -> 0 | Z14: ・
B15: ・ | X15: =SUM(D15:W15) -> 0 | Z15: ・
A16: 小 計 | D16: =SUM(D6:D15) -> 30500 | E16: =SUM(E6:E15) -> 44000 | F16: =SUM(F6:F15) -> 39500 | G16: =SUM(G6:G15) -> 48500 | H16: =SUM(H6:H15) -> 30500 | I16: =SUM(I6:I15) -> 53000 | J16: =SUM(J6:J15) -> 30500 | K16: =SUM(K6:K15) -> 48500 | ... W16: =SUM(W6:W15) -> 53000 | X16: =SUM(D16:W16) -> 1051000 | Y16: 小 計 | AB16: =SUM(AB6:AB15) -> 30500 | AC16: =SUM(AC6:AC15) -> 44000 | AD16: =SUM(AD6:AD15) -> 39500 | AE16: =SUM(AE6:AE15) -> 48500 | AF16: =SUM(AF6:AF15) -> 30500 | AG16: =SUM(AG6:AG15) -> 53000 | AH16: =SUM(AH6:AH15) -> 30500 | AI16: =SUM(AI6:AI15) -> 48500 | ... AK16: =SUM(AK6:AK15) -> 44000
A17: 修繕工事費（補修・更新） | B17: （受入供給設備） ごみｸﾚｰﾝﾌﾞﾚｰｷﾊﾟｯﾄﾞ交換 | C17: 3年 | D17: 0 | E17: 0 | F17: 300 | G17: 0 | H17: 0 | I17: 300 | J17: 0 | K17: 0 | L17: 300 | M17: 0 | N17: 0 | O17: 300 | P17: 0 | Q17: 0 | R17: 300 | S17: 0 | T17: 0 | U17: 300 | V17: 0 | W17: 0 | X17: =SUM(D17:W17) -> 1800 | Y17: 修繕工事費（補修・更新） | Z17: （受入供給設備） ごみｸﾚｰﾝﾌﾞﾚｰｷ ﾊﾟｯﾄﾞ交換 | AA17: 3年 | AB17: 0 | AC17: 0 | AD17: 300 | AE17: 0 | AF17: 0 | AG17: 300 | AH17: 0 | AI17: 0 | AJ17: 300 | AK17: 0
B18: （受入供給設備） ごみクレーンバケット交換 | C18: 5年 | D18: 0 | E18: 0 | F18: 0 | G18: 0 | H18: 5000 | I18: 0 | J18: 0 | K18: 0 | L18: 0 | M18: 5000 | N18: 0 | O18: 0 | P18: 0 | Q18: 0 | R18: 5000 | S18: 0 | T18: 0 | U18: 0 | V18: 0 | W18: 5000 | X18: =SUM(D18:W18) -> 20000 | Z18: （受入供給設備） ごみクレーンバケット交換 | AA18: 5年 | AB18: 0 | AC18: 0 | AD18: 0 | AE18: 0 | AF18: 5000 | AG18: 0 | AH18: 0 | AI18: 0 | AJ18: 0 | AK18: 5000
B19: （排ガス処理設備） バグフィルタろ布交換 | C19: 5年 | D19: 0 | E19: 0 | F19: 0 | G19: 0 | H19: 30000 | I19: 0 | J19: 0 | K19: 0 | L19: 0 | M19: 30000 | N19: 0 | O19: 0 | P19: 0 | Q19: 0 | R19: 30000 | S19: 0 | T19: 0 | U19: 0 | V19: 0 | W19: 30000 | X19: =SUM(D19:W19) -> 120000 | Z19: （排ガス処理設 備）バグフィルタ ろ布交換 | AA19: 5年 | AB19: 0 | AC19: 0 | AD19: 0 | AE19: 0 | AF19: 30000 | AG19: 0 | AH19: 0 | AI19: 0 | AJ19: 0 | AK19: 30000
B20: ・ | X20: =SUM(D20:W20) -> 0 | Z20: ・
B21: ・ | X21: =SUM(D21:W21) -> 0 | Z21: ・
B22: ・ | X22: =SUM(D22:W22) -> 0 | Z22: ・
B23: ・ | X23: =SUM(D23:W23) -> 0 | Z23: ・
B24: ・ | X24: =SUM(D24:W24) -> 0 | Z24: ・
A25: 小 計 | D25: =SUM(D17:D24) -> 0 | E25: =SUM(E17:E24) -> 0 | F25: =SUM(F17:F24) -> 300 | G25: =SUM(G17:G24) -> 0 | H25: =SUM(H17:H24) -> 35000 | I25: =SUM(I17:I24) -> 300 | J25: =SUM(J17:J24) -> 0 | K25: =SUM(K17:K24) -> 0 | ... W25: =SUM(W17:W24) -> 35000 | X25: =SUM(D25:W25) -> 141800 | Y25: 小 計 | AB25: =SUM(AB17:AB24) -> 0 | AC25: =SUM(AC17:AC24) -> 0 | AD25: =SUM(AD17:AD24) -> 300 | AE25: =SUM(AE17:AE24) -> 0 | AF25: =SUM(AF17:AF24) -> 35000 | AG25: =SUM(AG17:AG24) -> 300 | AH25: =SUM(AH17:AH24) -> 0 | AI25: =SUM(AI17:AI24) -> 0 | ... AK25: =SUM(AK17:AK24) -> 35000
A26: その他 | X26: =SUM(D26:W26) -> 0 | Y26: その他
X27: =SUM(D27:W27) -> 0
A28: 小 計 | D28: =SUM(D26:D27) -> 0 | E28: =SUM(E26:E27) -> 0 | F28: =SUM(F26:F27) -> 0 | G28: =SUM(G26:G27) -> 0 | H28: =SUM(H26:H27) -> 0 | I28: =SUM(I26:I27) -> 0 | J28: =SUM(J26:J27) -> 0 | K28: =SUM(K26:K27) -> 0 | ... W28: =SUM(W26:W27) -> 0 | X28: =SUM(D28:W28) -> 0 | Y28: 小 計 | AB28: =SUM(AB26:AB27) -> 0 | AC28: =SUM(AC26:AC27) -> 0 | AD28: =SUM(AD26:AD27) -> 0 | AE28: =SUM(AE26:AE27) -> 0 | AF28: =SUM(AF26:AF27) -> 0 | AG28: =SUM(AG26:AG27) -> 0 | AH28: =SUM(AH26:AH27) -> 0 | AI28: =SUM(AI26:AI27) -> 0 | ... AK28: =SUM(AK26:AK27) -> 0
A29: 合 計 | D29: =D16+D25+D28 -> 30500 | E29: =E16+E25+E28 -> 44000 | F29: =F16+F25+F28 -> 39800 | G29: =G16+G25+G28 -> 48500 | H29: =H16+H25+H28 -> 65500 | I29: =I16+I25+I28 -> 53300 | J29: =J16+J25+J28 -> 30500 | K29: =K16+K25+K28 -> 48500 | ... X29: =X16+X25+X28 -> 1192800 | Y29: 合 計 | AB29: =AB16+AB25+AB28 -> 30500 | AC29: =AC16+AC25+AC28 -> 44000 | AD29: =AD16+AD25+AD28 -> 39800 | AE29: =AE16+AE25+AE28 -> 48500 | AF29: =AF16+AF25+AF28 -> 65500 | AG29: =AG16+AG25+AG28 -> 53300 | AH29: =AH16+AH25+AH28 -> 30500 | AI29: =AI16+AI25+AI28 -> 48500 | ... AK29: =AK16+AK25+AK28 -> 79000

Sheet 様式8-6
B1: 運営固定費（人件費）【平準化前】
X2: （単位：千円（消費税抜き））
B3: 職種 | D3: 給与年単価 （福利厚生費含む） | E3: 人数（人）及び給与 | Z3: 合計
E4: 単位 | F4: ='様式8-5'!D4 -> 令和 ６年度 | G4: ='様式8-5'!E4 -> 令和 ７年度 | H4: ='様式8-5'!F4 -> 令和 ８年度 | I4: ='様式8-5'!G4 -> 令和 ９年度 | J4: ='様式8-5'!H4 -> 令和 10年度 | K4: ='様式8-5'!I4 -> 令和 11年度 | L4: ='様式8-5'!J4 -> 令和 12年度 | M4: ='様式8-5'!K4 -> 令和 13年度 | ... Y4: ='様式8-5'!W4 -> 令和 25年度
F5: ='様式8-5'!D5 -> (2024年度) | G5: ='様式8-5'!E5 -> (2025年度) | H5: ='様式8-5'!F5 -> (2026年度) | I5: ='様式8-5'!G5 -> (2027年度) | J5: ='様式8-5'!H5 -> (2028年度) | K5: ='様式8-5'!I5 -> (2029年度) | L5: ='様式8-5'!J5 -> (2030年度) | M5: ='様式8-5'!K5 -> (2031年度) | ... Y5: ='様式8-5'!W5 -> (2043年度)
B6: 日勤者 | E6: 人
E7: 千円
E8: 人
E9: 千円
E10: 人
E11: 千円
E12: 人
E13: 千円
E14: 人
E15: 千円
E16: 人
E17: 千円
E18: 人
... E23: 千円
B24: 小 計 | E24: 人
E25: 千円
B26: 直勤者 | E26: 人
E27: 千円
E28: 人
E29: 千円
E30: 人
E31: 千円
E32: 人
E33: 千円
E34: 人
E35: 千円
E36: 人
E37: 千円
E38: 人
... E43: 千円
B44: 小 計 | E44: 人
E45: 千円
B46: 総 計 | E46: 人
E47: 千円

Sheet 様式8-7
A1: 運営固定費（その他経費）【平準化前】
U2: （単位：円（消費税抜き））
A3: 項目 | C3: 量及び金額 | W3: 合計
C4: ='様式8-6'!F4 -> 令和 ６年度 | D4: ='様式8-6'!G4 -> 令和 ７年度 | E4: ='様式8-6'!H4 -> 令和 ８年度 | F4: ='様式8-6'!I4 -> 令和 ９年度 | G4: ='様式8-6'!J4 -> 令和 10年度 | H4: ='様式8-6'!K4 -> 令和 11年度 | I4: ='様式8-6'!L4 -> 令和 12年度 | J4: ='様式8-6'!M4 -> 令和 13年度 | ... V4: ='様式8-6'!Y4 -> 令和 25年度
C5: ='様式8-6'!F5 -> (2024年度) | D5: ='様式8-6'!G5 -> (2025年度) | E5: ='様式8-6'!H5 -> (2026年度) | F5: ='様式8-6'!I5 -> (2027年度) | G5: ='様式8-6'!J5 -> (2028年度) | H5: ='様式8-6'!K5 -> (2029年度) | I5: ='様式8-6'!L5 -> (2030年度) | J5: ='様式8-6'!M5 -> (2031年度) | ... V5: ='様式8-6'!Y5 -> (2043年度)
B6: （量）
B7: 金額
B8: （量）
B9: 金額
B10: （量）
B11: 金額
B12: （量）
B13: 金額
B14: （量）
B15: 金額
B16: （量）
B17: 金額
... B51: 金額
A52: 合計金額

Sheet 様式8-8
A1: 運営変動費（処理対象物変動費）
U2: （単位：円（消費税抜き））
A3: 項目 | C3: 量、単価及び金額 | W3: 合計
C4: ='様式8-7'!C4 -> 令和 ６年度 | D4: ='様式8-7'!D4 -> 令和 ７年度 | E4: ='様式8-7'!E4 -> 令和 ８年度 | F4: ='様式8-7'!F4 -> 令和 ９年度 | G4: ='様式8-7'!G4 -> 令和 10年度 | H4: ='様式8-7'!H4 -> 令和 11年度 | I4: ='様式8-7'!I4 -> 令和 12年度 | J4: ='様式8-7'!J4 -> 令和 13年度 | ... V4: ='様式8-7'!V4 -> 令和 25年度
C5: ='様式8-7'!C5 -> (2024年度) | D5: ='様式8-7'!D5 -> (2025年度) | E5: ='様式8-7'!E5 -> (2026年度) | F5: ='様式8-7'!F5 -> (2027年度) | G5: ='様式8-7'!G5 -> (2028年度) | H5: ='様式8-7'!H5 -> (2029年度) | I5: ='様式8-7'!I5 -> (2030年度) | J5: ='様式8-7'!J5 -> (2031年度) | ... V5: ='様式8-7'!V5 -> (2043年度)
A6: 年間ごみ処理量 | B6: t | C6: ='様式8-3'!D12 -> 49677 | D6: =C6 -> 49677 | E6: =D6 -> 49677 | F6: =E6 -> 49677 | G6: =F6 -> 49677 | H6: =G6 -> 49677 | I6: =H6 -> 49677 | J6: =I6 -> 49677 | K6: =J6 -> 49677 | ... V6: =U6 -> 49677 | W6: =SUM(C6:V6) -> 993540
B7: （量）
B8: (単価)
B9: 金額
B10: （量）
B11: (単価)
B12: 金額
B13: （量）
B14: (単価)
B15: 金額
B16: （量）
B17: (単価)
B18: 金額
... B51: 金額
A52: 合計金額

Sheet 様式8-9
A1: 運営変動費（有価物売却益）
U2: （単位：円（消費税抜き））
A3: 項目 | C3: 量、単価及び金額 | W3: 合計
C4: ='様式8-7'!C4 -> 令和 ６年度 | D4: ='様式8-7'!D4 -> 令和 ７年度 | E4: ='様式8-7'!E4 -> 令和 ８年度 | F4: ='様式8-7'!F4 -> 令和 ９年度 | G4: ='様式8-7'!G4 -> 令和 10年度 | H4: ='様式8-7'!H4 -> 令和 11年度 | I4: ='様式8-7'!I4 -> 令和 12年度 | J4: ='様式8-7'!J4 -> 令和 13年度 | ... V4: ='様式8-7'!V4 -> 令和 25年度
C5: ='様式8-7'!C5 -> (2024年度) | D5: ='様式8-7'!D5 -> (2025年度) | E5: ='様式8-7'!E5 -> (2026年度) | F5: ='様式8-7'!F5 -> (2027年度) | G5: ='様式8-7'!G5 -> (2028年度) | H5: ='様式8-7'!H5 -> (2029年度) | I5: ='様式8-7'!I5 -> (2030年度) | J5: ='様式8-7'!J5 -> (2031年度) | ... V5: ='様式8-7'!V5 -> (2043年度)
B6: （量）
B7: (単価)
B8: 金額
B9: （量）
B10: (単価)
B11: 金額
B12: （量）
B13: (単価)
B14: 金額
B15: （量）
B16: (単価)
B17: 金額
... B50: 金額
A51: 合計金額

Sheet 様式8-10
A2: 事業収支表
A4: 損益計算書 | AB4: （単位：千円（消費税抜き））
A5: 年度 項目 | D5: ='様式8-1'!D4 -> 令和 ２年度 | E5: ='様式8-1'!E4 -> 令和 ３年度 | F5: ='様式8-1'!F4 -> 令和 ４年度 | G5: ='様式8-1'!G4 -> 令和 ５年度 | H5: ='様式8-1'!H4 -> 令和 ６年度 | I5: ='様式8-1'!I4 -> 令和 ７年度 | J5: ='様式8-1'!J4 -> 令和 ８年度 | K5: ='様式8-1'!K4 -> 令和 ９年度 | ... AB5: ='様式8-1'!AB4 -> 合計
D6: ='様式8-1'!D5 -> (2020年度) | E6: ='様式8-1'!E5 -> (2021年度) | F6: ='様式8-1'!F5 -> (2022年度) | G6: ='様式8-1'!G5 -> (2023年度) | H6: ='様式8-1'!H5 -> (2024年度) | I6: ='様式8-1'!I5 -> (2025年度) | J6: ='様式8-1'!J5 -> (2026年度) | K6: ='様式8-1'!K5 -> (2027年度) | ... AA6: ='様式8-1'!AA5 -> (2043年度)
A7: Ⅰ．営業収益
B8: 運営費 | C8: 運営固定費
C9: 運営変動費
A10: Ⅱ．営業費用
B11: 運転経費 | C11: 運営固定費
C12: 運営変動費
B13: 維持管理費
B14: 人件費
B15: その他費用 | C15: 運営固定費
C16: 運営変動費
A24: 説明欄

Sheet 様式8-11
A2: SPC関連費用（事業収支表）
A4: キャッシュフロー計算書 | AA4: （単位:千円（消費税抜き））
A5: 年度 項目 | D5: ='様式8-1'!D4 -> 令和 ２年度 | E5: ='様式8-1'!E4 -> 令和 ３年度 | F5: ='様式8-1'!F4 -> 令和 ４年度 | G5: ='様式8-1'!G4 -> 令和 ５年度 | H5: ='様式8-1'!H4 -> 令和 ６年度 | I5: ='様式8-1'!I4 -> 令和 ７年度 | J5: ='様式8-1'!J4 -> 令和 ８年度 | K5: ='様式8-1'!K4 -> 令和 ９年度 | ... AA5: ='様式8-1'!AA4 -> 令和 25年度
D6: ='様式8-1'!D5 -> (2020年度) | E6: ='様式8-1'!E5 -> (2021年度) | F6: ='様式8-1'!F5 -> (2022年度) | G6: ='様式8-1'!G5 -> (2023年度) | H6: ='様式8-1'!H5 -> (2024年度) | I6: ='様式8-1'!I5 -> (2025年度) | J6: ='様式8-1'!J5 -> (2026年度) | K6: ='様式8-1'!K5 -> (2027年度) | ... AA6: ='様式8-1'!AA5 -> (2043年度)
A7: Ⅰ．営業活動によるｷｬｯｼｭﾌﾛｰ
B8: 税引き後利益
B9: 開業費償却費
A11: Ⅱ．投資活動によるｷｬｯｼｭﾌﾛｰ
B12: 設備投資
B13: 開業費
A15: Ⅲ．財務活動によるｷｬｯｼｭﾌﾛｰ
B16: 短期借入金
B17: 短期借入金返済
B18: 長期借入金
B19: 長期借入金返済
B20: 出資(資本金)等
A23: Ⅳ．正味のｷｬｯｼｭﾌﾛｰ
B24: 内、積立金・準備金等
A27: Ⅴ．累積ｷｬｯｼｭﾌﾛｰ
A31: 説明欄

Sheet 様式8-11(2)
B1: SPC関連資料（SPCの資本概要）
B2: 資本構成
B3: No. | C3: 出資企業 | E3: 出資金額 （千円） | J3: 株式保有 割合 （％） | K3: 備考
C4: 役割 | D4: 通番 （様式3－2号記載の通番） | E4: ='様式8-1'!D4 -> 令和 ２年度 | F4: ='様式8-1'!E4 -> 令和 ３年度 | G4: ='様式8-1'!F4 -> 令和 ４年度 | H4: ='様式8-1'!G4 -> 令和 ５年度 | I4: 合計
E5: ='様式8-1'!D5 -> (2020年度) | F5: ='様式8-1'!E5 -> (2021年度) | G5: ='様式8-1'!F5 -> (2022年度) | H5: ='様式8-1'!G5 -> (2023年度)
B6: 1 | C6: 代表企業(プラントの設計・建設業務を行う企業) | K6: 株式保有割合は 50%を超えること。
B7: 2
B8: 3
B9: 4
B10: 5
B11: 6
B12: 7
B13: 8
B14: 9
B15: 10
B16: 合 計
B17: ※1 企業名は記載しないこと。
B18: ※2 記入欄が足りない場合は、適宜追加すること。

Sheet 様式8-11(3)
B1: SPC関連資料（開業費(運営固定費））
G2: （単位：円）
B3: 項 目 | C3: 設計・建設期間 | G3: 総 計
C4: ='様式8-11(2)'!E4 -> 令和 ２年度 | D4: ='様式8-11(2)'!F4 -> 令和 ３年度 | E4: ='様式8-11(2)'!G4 -> 令和 ４年度 | F4: ='様式8-11(2)'!H4 -> 令和 ５年度
C5: ='様式8-11(2)'!E5 -> (2020年度) | D5: ='様式8-11(2)'!F5 -> (2021年度) | E5: ='様式8-11(2)'!G5 -> (2022年度) | F5: ='様式8-11(2)'!H5 -> (2023年度)
B21: 総 計
B22: ※1 開業費には、設計・建設期間中のSPCにかかる費用、支出（人件費、事務所経費等）を記載すること。
B23: ※2 SPC設立資本金については開業費には含めないこと。
